 Dungeon Crawl Stone Soup version 0.18-a0-1805-g8ab820f (webtiles) character file.

13937 Loki the Severer (level 12, -8/108 HPs)
             Began as a Hill Orc Berserker on Apr 25, 2016.
             Was a High Priest of Trog.
             Mangled by a five-headed hydra (10 damage)
             ... on level 1 of the Lair of Beasts.
             The game lasted 00:30:04 (9139 turns).

Loki the Severer (Hill Orc Berserker)               Turns: 9139, Time: 00:30:04

Health: -8/108     AC: 16    Str: 21    XL:     12   Next: 11%
Magic:  17/17      EV:  8    Int:  7    God:    Trog [*****.]
Gold:   692        SH:  5    Dex: 14    Spells: 0 memorised, 11 levels left

rFire  + . .     SeeInvis .     K - +5 broad axe (elec)
rCold  + . .     Gourm    .     H - +2 chain mail {rPois}
rNeg   . . .     Faith    .     B - +2 buckler
rPois  +         Spirit   .     I - +0 helmet
rElec  .         Dismiss  .     U - +0 cloak
rCorr  .         Reflect  .     (no gloves)
SustAt .         Harm     .     (no boots)
MR     .....                    (no amulet)
Stlth  ..........               p - ring of protection from cold
                                o - ring of protection from fire

@: not resistant to hostile enchantments, extremely unstealthy
A: no striking features
a: Berserk, Trog's Hand, Brothers in Arms, Burn Spellbooks, Renounce Religion


You were on level 1 of the Lair of Beasts.
You worshipped Trog.
Trog was extremely pleased with you.
You were not hungry.

You visited 2 branches of the dungeon, and saw 12 of its levels.

You collected 692 gold pieces.

Inventory:

Hand Weapons
 K - a +5 broad axe of electrocution (weapon)
Missiles
 m - 3 throwing nets (quivered)
Armour
 B - a +2 buckler (worn)
 H - a +2 chain mail of poison resistance (worn)
 I - a +0 helmet (worn)
 U - a +0 cloak (worn)
Jewellery
 o - a ring of protection from fire (left hand)
 p - a ring of protection from cold (right hand)
 r - an uncursed ring of protection from cold
Wands
 e - a wand of flame (25/48)
 g - a wand of disintegration (15/24)
 n - a wand of flame (13/48)
 D - a wand of random effects (11/48)
 G - a wand of iceblast (2/15)
 N - a wand of iceblast (7/15)
 S - a wand of polymorph (9/24)
 T - a wand of polymorph (6/24)
Scrolls
 a - a scroll of silence {unknown}
 f - 2 scrolls of fog {unknown}
 k - 4 scrolls of remove curse
 q - 5 scrolls of teleportation
 s - 3 scrolls of blinking {unknown}
 v - a scroll of immolation {unknown}
 w - 4 scrolls of enchant armour {unknown}
 y - 4 scrolls of recharging {unknown}
 z - 2 scrolls of fear {unknown}
 J - a scroll of amnesia {unknown}
 L - 3 scrolls of magic mapping {unknown}
 O - a scroll of vulnerability {unknown}
 V - 2 scrolls of enchant weapon {unknown}
 Y - 3 scrolls of random uselessness {unknown}
Potions
 b - a potion of agility
 h - a potion of cancellation
 i - a potion of berserk rage {unknown}
 l - 3 potions of curing {unknown}
 t - 2 potions of invisibility
 u - a potion of magic
 A - a potion of lignification {unknown}
 C - a potion of might {unknown}
 E - a potion of brilliance
 F - 2 potions of heal wounds
 W - a potion of cure mutation
 Z - a potion of flight {unknown}
Comestibles
 c - 12 bread rations
 d - 7 meat rations
 x - a beef jerky
 Q - a slice of pizza
 R - 5 fruits


   Skills:
 + Level 10.8 Fighting
 * Level 16.0 Axes
 + Level 9.6 Armour
 - Level 1.5 Dodging
 + Level 7.9 Evocations


You had 11 spell levels left.
You didn't know any spells.

Dungeon Overview and Level Annotations

Branches:
Dungeon (11/15)            Temple (0/1) D:5            Lair (1/8) D:10
    Orc (0/2) D:10

Altars:
Ashenzari
Cheibriados
Dithmenos
Elyvilon
Makhleb
Nemelex Xobeh
Ru
Xom
Yredelemnul
Zin

Shops:
D:5 (

Annotations:
D:5 Lovchig's ghost, novice DDFi


Message History

The mass of ice explodes!
The iceblast engulfs something.
Evoking this partially-identified wand wasted a few charges.
Something bites you but does no damage. Something bites you!
* * * LOW HITPOINT WARNING * * *
Something completely misses you. Something bites you!
* * * LOW HITPOINT WARNING * * *
Something bites you.
* * * LOW HITPOINT WARNING * * *
Evoke which item? (* to show all) (? for menu, Esc to quit)
Zapping:
G - a wand of iceblast {zapped: 2} (will waste charges)
Press: ? - help, Shift-Dir - straight line The mass of ice explodes!
The iceblast engulfs something.
Evoking this partially-identified wand wasted a few charges.
Your skill with magical items lets you calculate the power of this device...
This wand has 2 charges left.
Something bites you!
* * * LOW HITPOINT WARNING * * *
Something bites you but does no damage. Something bites you!
* * * LOW HITPOINT WARNING * * *
Something bites you!
You die...

##### ..
##...##.
#######
###......#
#.#...##
#.....?#.
##.....#
#....)..#
#.......
#.......#
##......
#.{..#
#......
#@.#
#......
#.####
##.....
#.##.##
#......
#.#...##
###....
##.....##
##...
#.......#
#...
#.......##
##..
#........#
##.
##........#
#.


There were no monsters in sight!

Vanquished Creatures
  Erica (D:8)
  The ghost of Mefis the Magician, a journeyman HuWz of Sif Muna (Lair:1)
  2 hill giants
  Pikel (D:5)
  An ugly thing (D:11)
  2 spiny frogs
  2 trolls
  A two-headed ogre (D:9)
  A slime creature (D:10)
  A spriggan (D:7)
  18 yaks
  Eustachio (D:4)
  A steam dragon (D:11)
  4 hippogriffs
  2 water moccasins
  A porcupine (Lair:1)
  A slave (D:5)
  A black bear (D:7)
  A sky beast (D:7)
  5 ogres
  6 orc warriors
  2 phantoms
  11 centaurs
  A big kobold (D:11)
  A crocodile (D:10)
  A gnoll sergeant (D:10)
  5 giant frogs
  5 killer bees (D:8)
  5 howler monkeys
  9 wights
  A crimson imp (D:7)
  3 giant frog zombies
  7 orc priests
  2 hounds (D:6)
  4 jellies
  A centaur skeleton (D:7)
  2 giant frog skeletons
  9 orc wizards
  3 iguanas
  7 worker ants
  6 sheep (Lair:1)
  A hound skeleton (D:7)
  2 worker ant zombies
  18 gnolls
  13 adders
  10 river rats (Lair:1)
  11 oozes (D:10)
  4 adder skeletons
  5 worms
  2 dart slugs (D:1)
  8 giant geckos
  42 orcs
  4 giant cockroaches
  2 gnoll zombies (D:4)
  11 goblins
  9 hobgoblins
  15 jackals
  6 quokkas
  5 bats
  2 giant gecko skeletons
  A giant gecko zombie (D:9)
  7 giant newts
  9 kobolds
  A quokka zombie (D:6)
  5 rats
332 creatures vanquished.

Vanquished Creatures (collateral kills)
  A deep elf mage (D:10)
  A jelly (D:10)
  An ooze (D:10)
3 creatures vanquished.

Vanquished Creatures (others)
  3 slaves (D:5)
  11 fungi (D:10)
14 creatures vanquished.

Grand Total: 349 creatures vanquished

Notes
Turn   | Place    | Note
--------------------------------------------------------------
     0 | D:1      | Loki the Hill Orc Berserker began the quest for the Orb.
     0 | D:1      | Reached XP level 1. HP: 19/19 MP: 1/1
   127 | D:1      | Reached XP level 2. HP: 12/27 MP: 2/2
   413 | D:1      | Reached skill level 5 in Axes
   416 | D:1      | Reached XP level 3. HP: 28/33 MP: 3/3
   417 | D:1      | Reached ** piety under Trog
   893 | D:2      | Reached XP level 4. HP: 40/40 MP: 4/4
   933 | D:2      | Found a glowing silver altar of Zin.
  1219 | D:3      | Reached skill level 6 in Axes
  1257 | D:2      | Reached XP level 5. HP: 30/47 MP: 5/5
  1298 | D:2      | Reached *** piety under Trog
  1928 | D:3      | Found a shadowy altar of Dithmenos.
  1932 | D:3      | Found a snail-covered altar of Cheibriados.
  1937 | D:3      | Found a shattered altar of Ashenzari.
  2027 | D:3      | Found a burning altar of Makhleb.
  2265 | D:4      | Reached skill level 7 in Axes
  2265 | D:4      | Reached XP level 6. HP: 53/55 MP: 6/6
  2363 | D:4      | Reached skill level 5 in Fighting
  2375 | D:4      | Reached skill level 8 in Axes
  2678 | D:5      | Entered Level 5 of the Dungeon
  2702 | D:5      | Noticed Lovchig's ghost (novice DDFi)
  2719 | D:5      | Found a staircase to the Ecumenical Temple.
  2727 | D:6      | Reached XP level 7. HP: 60/61 MP: 7/7
  3420 | D:4      | Reached skill level 1 in Evocations
  3476 | D:4      | Reached **** piety under Trog
  3476 | D:4      | Reached skill level 9 in Axes
  3535 | D:4      | Found a basalt altar of Yredelemnul.
  3573 | D:4      | Noticed Eustachio
  3577 | D:4      | Killed Eustachio
  3577 | D:4      | Reached XP level 8. HP: 64/70 MP: 7/9
  3848 | D:5      | Noticed Pikel
  3877 | D:5      | Killed Pikel
  3877 | D:5      | Reached skill level 10 in Axes
  3877 | D:5      | Reached skill level 5 in Armour
  4071 | D:5      | Found Nyqiukk's Antique Weapon Boutique.
  4399 | D:6      | Reached XP level 9. HP: 79/79 MP: 11/11
  4567 | D:6      | Reached skill level 11 in Axes
  4604 | D:6      | Found a white marble altar of Elyvilon.
  4962 | D:7      | Found a burning altar of Makhleb.
  5306 | D:7      | Reached skill level 12 in Axes
  5454 | D:7      | Reached skill level 5 in Evocations
  5454 | D:7      | Reached XP level 10. HP: 59/90 MP: 13/13
  5692 | D:8      | Found a shimmering altar of Xom.
  5763 | D:8      | Noticed Maurice
  5764 | D:8      | Noticed Maurice
  5764 | D:8      | Maurice changed into Maurice the worm
  5771 | D:8      | Killed Maurice the worm
  5771 | D:8      | Reached ***** piety under Trog
  6089 | D:8      | Noticed Erica
  6216 | D:9      | Reached skill level 13 in Axes
  6443 | D:9      | Reached skill level 14 in Axes
  6444 | D:9      | Reached XP level 11. HP: 97/97 MP: 15/15
  6775 | D:8      | Killed Erica
  6982 | D:9      | Found a sparkling altar of Nemelex Xobeh.
  7155 | D:10     | Entered Level 10 of the Dungeon
  7171 | D:10     | Found a staircase to the Orcish Mines.
  7349 | D:10     | Noticed a hill giant
  7355 | D:10     | Killed a hill giant
  7372 | D:10     | Reached skill level 10 in Fighting
  7397 | D:10     | Found a sacrificial altar of Ru.
  7442 | D:10     | Found a staircase to the Lair.
  7648 | D:10     | Noticed a deep elf mage
  7667 | D:10     | Killed a deep elf mage
  7753 | D:10     | Reached skill level 15 in Axes
  8003 | D:11     | Received a gift from Trog
  8007 | D:11     | Noticed a hill giant
  8009 | D:11     | Killed a hill giant
  8112 | D:11     | Noticed a brown ugly thing
  8124 | D:11     | Killed a brown ugly thing
  8190 | D:11     | Noticed a five-headed hydra
  8687 | Lair:1   | Entered Level 1 of the Lair of Beasts
  8808 | Lair:1   | Reached XP level 12. HP: 93/108 MP: 17/17
  8873 | Lair:1   | Noticed Mefis's ghost (journeyman HuWz)
  8884 | Lair:1   | Killed Mefis's ghost
  8918 | Lair:1   | Reached skill level 16 in Axes
  9132 | Lair:1   | Noticed a four-headed hydra
  9139 | Lair:1   | HP: 2/108 [something (9)]
  9139 | Lair:1   | Mangled by a five-headed hydra

Vault maps used:
D:1:      evilmike_arrival_run_for_it
D:2:      nicolae_overflow_crystal_walls
D:3:      marbit_many_paths, minmay_overflow_temple_star_quad,
          minmay_statues_item
D:4:      lemuel_zombie_altar_yredelemnul,
          hangedman_abyss_or_decor_jellyfish_corner, kennysheep_generic_room_6,
          uniq_eustachio
D:5:      minmay_temple_entry_overgrown, first_bread, serial_shops,
          kennysheep_little_box, uniq_pikel
D:6:      kennysheep_mini
D:7:      basic_altar, the_bakery
D:8:      lemuel_round_altar, uniq_erica, uniq_maurice
D:9:      nemelex_altar_shiori
D:10:     lemuel_slime, dpeg_lair_monsters, nicolae_ru_sacrificial_ziggurat

Skill      XL: |  1  2  3  4  5  6  7  8  9 10 11 12 |
---------------+-------------------------------------+-----
Axes           | 5 6 7 8 9 10 12 14 15 16 | 16.0
Fighting       | 4 5 6 7 8 9 10 | 10.8
Armour         | 3 4 5 6 8 9 |  9.6
Evocations     | 1 3 5 6 7 |  7.9
Dodging        | |  1.5

Action                   |  1- 3 |  4- 6 |  7- 9 | 10-12 || total
-------------------------+-------+-------+-------+-------++-------
Melee: Hand axe          |    89 |   128 |   253 |   259 ||   729
       War axe           |       |       |     6 |       ||     6
       Broad axe         |       |       |       |   118 ||   118
Invok: Berserk           |     2 |     3 |     8 |     8 ||    21
       Trog's Hand       |       |       |       |     4 ||     4
       Brothers in Arms  |       |       |       |     1 ||     1
Evoke: Wand              |       |       |       |    20 ||    20
  Use: Scroll            |       |       |     7 |     5 ||    12
 Stab: Sleeping          |       |     7 |       |       ||     7
  Eat: Chunk             |     1 |     8 |    16 |    19 ||    44
       Royal jelly       |       |       |     1 |       ||     1
       Pizza             |       |       |     1 |     1 ||     2
Armor: Ring mail         |    30 |    34 |       |       ||    64
       Chain mail        |       |       |   138 |    74 ||   212
       Plate armour      |       |       |       |   124 ||   124
Dodge: Dodged            |    75 |    61 |    36 |    69 ||   241
Block: Shield            |       |    14 |    85 |   107 ||   206
       Buckler           |       |       |       |    11 ||    11
